 Dungeon Crawl Stone Soup version 0.23.2-40-g277498a001 (webtiles) character file.

Game seed: 17950429668596169036

1280 Descartes the Shield-Bearer (level 8, -2/69 HPs)
             Began as a Formicid Fighter on Sept 7, 2019.
             Slain by Menkaure (11 damage)
             ... on level 5 of the Dungeon.
             The game lasted 00:11:28 (5116 turns).

Descartes the Shield-Bearer (Formicid Fighter)      Turns: 5116, Time: 00:11:28

Health: -2/69      AC: 13    Str: 20 (21) XL:     8   Next: 84%
Magic:  0/8        EV:  7    Int:  8      God:
Gold:   344        SH: 11    Dex: 11 (12) Spells: 7/7 levels left

rFire    + . .     SeeInvis +   a - +0 war axe
rCold    x . .     Gourm    .   c - +0 shield
rNeg     . . .     Faith    .   z - +0 plate armour
rPois    .         Spirit   +   (helmet unavailable)
rElec    .         Reflect  .   (no cloak)
rCorr    .         Harm     .   D - +0 pair of gloves
MR       .....                  (no boots)
Stlth    ..........             B - amulet of guardian spirit
HPRegen  0.21/turn              h - ring of fire
MPRegen  0.11/turn              (no ring)

@: no status effects
A: permanent stasis, dig shafts and tunnels, four strong arms, antennae 3,
deterioration 1, low mp 1, robust 1, MP-powered wands
a: Dig, Shaft Self


You were on level 5 of the Dungeon.
You were not hungry.

You visited 1 branch of the dungeon, and saw 6 of its levels.

You collected 344 gold pieces.

Inventory:

Hand Weapons
 a - a +0 war axe (weapon)
 s - a +0 blowgun
 y - a +2 whip of venom
Missiles
 e - 192 stones (quivered)
 g - 11 poisoned needles
 j - 84 arrows
 t - 6 curare-tipped needles
Armour
 c - a +0 shield (worn)
 z - a +0 plate armour (worn)
 D - a +0 pair of gloves (worn)
 E - a +2 robe of magic resistance
Jewellery
 h - a ring of fire (left hand)
 p - an uncursed ring of ice
 B - an amulet of guardian spirit (around neck)
Wands
 b - a wand of digging (4)
 A - a wand of polymorph (10)
 C - a wand of flame (13)
Scrolls
 i - 2 scrolls of amnesia {unknown}
 k - a scroll of identify
 n - a scroll of fog {unknown}
 o - a scroll of blinking {unknown}
 r - 2 scrolls of remove curse
 u - a scroll of fear {unknown}
 v - a scroll of acquirement {unknown}
 x - 2 scrolls of vulnerability {unknown}
Potions
 d - a potion of might
 l - 7 potions of curing
 m - 2 potions of invisibility
 q - a potion of magic
 w - a potion of brilliance
Comestibles
 f - 10 rations


   Skills:
 + Level 5.5 Fighting
 + Level 4.4 Axes
 + Level 5.4 Armour
 + Level 3.3 Dodging
 * Level 7.8 Shields
 + Level 1.5 Evocations


You had 7 spell levels left.
You didn't know any spells.
Your spell library was empty.

Dungeon Overview and Level Annotations

Branches:
Dungeon (6/15)             Temple (0/1) D:4

Altars:
Elyvilon
Kikubaaqudgha
Trog

Annotations:
D:5 Menkaure


Innate Abilities, Weirdness & Mutations

You cannot be hasted, slowed, berserked, paralysed or teleported.
You can dig through walls and to a lower floor.
Your four strong arms can wield two-handed weapons with a shield.
You have a pair of large antennae on your head. (SInv)
Your body sometimes deteriorates upon taking damage.
Your magical capacity is low. (-10% MP)
You are robust. (+10% HP)
You expend magic power (3 MP) to strengthen your wands.


Message History

You closely miss Menkaure.
Menkaure is severely damaged.
Menkaure points at you and mumbles some strange words.
Pain shoots through your body!
Your body deteriorates!
You feel clumsy.
You barely miss Menkaure.
Menkaure is severely damaged.
Menkaure gestures wildly while chanting.
Menkaure seems to speed up.
You hit Menkaure.
Menkaure is severely damaged.
Menkaure calls on the powers of darkness!
Your body is wracked with pain!
* * * LOW HITPOINT WARNING * * *
You hit Menkaure.
Menkaure is almost destroyed.
Menkaure hits you!
* * * LOW HITPOINT WARNING * * *
Menkaure hits you!
You die...

..#.#.# #.#####
###.#.# #.# #.#.# #.#
#.#.# #.# #.#.# #.#
#.#.# #.########
#.#.# #........#
#.#.# #########.#
###.#.# ......M@..#
....#.# ###########
#####.#
#.###################
#.#.................#
#.#.###############.#
#####.#.# #.#
...##.#.# #.#
##.##.#.# #.#


You could see Menkaure.

Vanquished Creatures
  Sigmund (D:4)
  Eustachio (D:4)
  An orc warrior (D:6)
  An ogre (D:5)
  A bullfrog (D:4)
  A scorpion (D:4)
  4 crimson imps (D:5)
  A quasit (D:5)
  A bullfrog skeleton (D:5)
  A hound (D:4)
  An orc priest (D:3)
  2 orc wizards
  Jessica (D:3)
  4 worker ants
  4 gnolls (D:5)
  9 adders
  A dart slug (D:2)
  A worm (D:3)
  4 leopard geckos
  21 orcs
  9 bats
  2 giant cockroaches (D:3)
  8 goblins
  6 hobgoblins
  6 jackals (D:1)
  13 kobolds
  4 quokkas
  3 ball pythons
  3 frilled lizards
  11 rats
126 creatures vanquished.

Notes
Turn   | Place    | Note
-------+----------+-------------------------------------------
     0 | D:1      | Descartes the Formicid Fighter began the quest for the Orb.
     0 | D:1      | Reached XP level 1. HP: 18/18 MP: 1/1
   170 | D:1      | Reached XP level 2. HP: 19/24 MP: 2/2
   476 | D:1      | Reached skill level 4 in Shields
   513 | D:1      | Reached XP level 3. HP: 28/29 MP: 3/3
  1329 | D:2      | Reached skill level 1 in Dodging
  1329 | D:2      | Reached XP level 4. HP: 37/37 MP: 4/4
  1890 | D:3      | Reached XP level 5. HP: 33/42 MP: 5/5
  1896 | D:3      | Noticed Jessica
  1910 | D:3      | Killed Jessica
  1910 | D:3      | Reached skill level 5 in Shields
  2437 | D:3      | Gained mutation: You are robust. (+10% HP) [potion of
                  | mutation]
  2437 | D:3      | Gained mutation: Your magical capacity is low. (-10% MP)
                  | [potion of mutation]
  2437 | D:3      | Gained mutation: Your body sometimes deteriorates upon
                  | taking damage. [potion of mutation]
  2437 | D:3      | Gained mutation: You expend magic power (3 MP) to
                  | strengthen your wands. [potion of mutation]
  2493 | D:4      | Reached XP level 6. HP: 52/52 MP: 5/5
  2506 | D:4      | Found a staircase to the Ecumenical Temple.
  2598 | D:4      | Noticed Eustachio
  2615 | D:4      | Killed Eustachio
  2615 | D:4      | Reached XP level 7. HP: 46/60 MP: 6/6
  2618 | D:4      | Reached skill level 6 in Shields
  2733 | D:4      | Found a bloodstained altar of Trog.
  3214 | D:4      | Found a white marble altar of Elyvilon.
  3501 | D:4      | Noticed Sigmund
  3521 | D:4      | Killed Sigmund
  3521 | D:4      | Reached XP level 8. HP: 42/67 MP: 3/7
  3791 | D:5      | Entered Level 5 of the Dungeon
  3814 | D:5      | Reached skill level 5 in Fighting
  3884 | D:5      | Reached skill level 7 in Shields
  3939 | D:5      | Reached skill level 5 in Armour
  3996 | D:5      | Found an ancient bone altar of Kikubaaqudgha.
  4621 | D:5      | Reached skill level 1 in Evocations
  4766 | D:5      | You fall through a shaft!
  5107 | D:5      | Noticed Menkaure
  5116 | D:5      | Slain by Menkaure

Skill      XL: |  1  2  3  4  5  6  7  8 |
---------------+-------------------------+-----
Shields        | 4 5 6 7 |  7.8
Dodging        | 1 2 3 |  3.3
Fighting       | 4 5 |  5.5
Armour         | 4 5 |  5.4
Axes           | 3 4 |  4.4
Evocations     | 1 |  1.5

Action                   |  1- 3 |  4- 6 |  7- 9 || total
-------------------------+-------+-------+-------++-------
Melee: War axe           |   140 |   155 |   238 ||   533
  Use: Scroll            |     4 |     3 |     4 ||    11
       Potion            |       |     1 |       ||     1
  Eat: Chunk             |     2 |     4 |     9 ||    15
Armor: Scale mail        |    31 |       |       ||    31
       Chain mail        |    76 |    81 |     1 ||   158
       Plate armour      |       |       |   104 ||   104
Dodge: Dodged            |    57 |    48 |    64 ||   169
Block: Shield            |   100 |    91 |   162 ||   353
